 Dungeon Crawl Stone Soup version 0.28.0-53-g5a82cb258f (webtiles) character file.

Game seed: 8913925792278362681

428 issech the Chopper (level 6, -13/53 HPs)
             Began as a Minotaur Monk on June 2, 2022.
             Killed from afar by Ijyb (19 damage)
             ... with a bolt of acid
             ... on level 4 of the Dungeon.
             The game lasted 00:08:42 (4101 turns).

issech the Chopper (Minotaur Monk)                  Turns: 4101, Time: 00:08:42

Health: -13/53     AC:  2    Str: 20    XL:     6   Next: 65%
Magic:  0/5        EV: 12    Int:  7    God:
Gold:   130        SH:  0    Dex: 14    Spells: 5/5 levels left

rFire   . . .      SeeInvis .   o - +6 dagger "Icuskaj" {freeze, Str+4}
rCold   . . .      Faith    .   (no shield)
rNeg    . . .      Spirit   +   k - +0 ring mail
rPois   .          Reflect  .   (helmet restricted)
rElec   .          Harm     .   (no cloak)
rCorr   .          Rampage  .   p - +0 pair of gloves
Will    .....                   (no boots)
Stlth   +.........              m - amulet of guardian spirit
HPRegen 0.17/turn               (no ring)
MPRegen 0.09/turn               (no ring)

@: corroded
A: horns 2, retaliatory headbutt
a: no special abilities


You were on level 4 of the Dungeon.
You visited 1 branch of the dungeon, and saw 4 of its levels.

You collected 130 gold pieces.

Inventory:

Hand Weapons
 a - a +0 hand axe
 g - a +0 hunting sling
 o - the +6 dagger "Icuskaj" (weapon) {freeze, Str+4}
   (You found it on level 2 of the Dungeon)

   It freezes those it strikes, dealing additional cold damage.
   It can also slow down cold-blooded creatures.
   Str:       It affects your strength (+4).
 t - a +0 scythe
 x - a +0 long sword
Missiles
 c - 136 stones (quivered)
 d - 24 sling bullets
 f - 104 arrows
 h - 6 poisoned darts
 l - 40 bolts
Armour
 k - a +0 ring mail (worn)
 p - a +0 pair of gloves (worn)
 u - a +2 robe of willpower
 y - a +0 ring mail
Jewellery
 m - an amulet of guardian spirit (around neck)
 w - a ring of poison resistance
Scrolls
 b - a scroll of noise {unknown}
 e - 3 scrolls of identify {unknown}
 j - 2 scrolls of fear {unknown}
 n - a scroll of magic mapping {unknown}
 r - a scroll of blinking {unknown}
Potions
 i - a potion of brilliance {unknown}
 q - 3 potions of curing {unknown}
 s - a potion of degeneration {unknown}
 v - a potion of lignification {unknown}
 z - a potion of attraction {unknown}


   Skills:
 + Level 4.7 Fighting
 + Level 2.6 Short Blades
 + Level 5.9 Axes
 + Level 2.8 Armour
 + Level 4.5 Dodging
 + Level 2.4 Stealth


You had 5 spell levels left.
You didn't know any spells.
Your spell library was empty.

Dungeon Overview and Level Annotations

Branches:
Dungeon (4/15)
 Temple: D:4-7

Altars:

Annotations:
D:4 Ijyb


Innate Abilities, Weirdness & Mutations

You have a pair of horns on your head.
You reflexively headbutt those who attack you in melee.


Message History

You freeze the ball python.
The ball python is severely wounded.
The ball python closely misses you. The ball python grabs you.
The ball python constricts you.
You hit the ball python.
The ball python seems to slow down.
You freeze the ball python.
You kill the ball python!
The endoplasm freezes you.
You are frozen.
You hit the endoplasm but do no damage.
The endoplasm hits you but does no damage.
You puncture the endoplasm! You freeze the endoplasm.
You kill the endoplasm!
Ijyb the Twisted Goblin comes into view.
She is wielding a +0 dagger and carrying a wand of acid (10).
An ogre comes into view. It is wielding a +0 giant club.
The ogre shouts!
An adder comes into view.
An orc comes into view. It is wielding a +0 short sword.
You see here a howler monkey corpse.
A gnoll shaman comes into view. It is wielding a +0 whip.
Ijyb zaps a wand.
The bolt of acid hits you!!!
Ouch! That really hurt!
* * * LOW HITPOINT WARNING * * *
The acid corrodes you!
A goblin comes into view. It is wielding a +0 club.
An adder comes into view.
The adder barely misses you. You furiously retaliate!
You headbutt the adder!
A dart slug comes into view.
Ijyb screams, "I dance on your bones!" The adder bites you.
* * * LOW HITPOINT WARNING * * *
The dart slug launches a dart at you. The slug dart hits you.
* * * LOW HITPOINT WARNING * * *
The adder barely misses you.
There is a stone staircase leading down here.
You can't go up here!
Unknown command.
Ijyb zaps a wand.
The bolt of acid hits you!!
You die...

##.# .# ##..###.#####.
##........#....
####.....#..[....
...............
........>..#.#
............##
.......<.w†..# ....#
........@.#..## .....
........S>....######.....
................##....##.
##......g..)#..##........
#.........g##.##........
#..........S....#........
...#........#........##
.###...###.#.........#
..#.. #.......†..###


You could see Ijyb, 2 adders, a dart slug and a goblin.

Vanquished Creatures
  Sigmund (D:3)
  A howler monkey (D:4)
  A hound (D:4)
  An iguana (D:4)
  Natasha (thrice) (D:3)
  An adder (D:2)
  3 gnolls (D:3)
  2 worms
  2 dart slugs (D:1)
  An orc (D:2)
  3 bats
  7 endoplasms
  4 giant cockroaches
  6 goblins
  4 hobgoblins
  2 kobolds
  5 quokkas (D:1)
  6 ball pythons
  3 frilled lizards (D:1)
  A quokka skeleton (D:4)
  6 rats (D:1)
63 creatures vanquished.

Notes
Turn   | Place    | Note
-------+----------+-------------------------------------------
     0 | D:1      | issech the Minotaur Monk began the quest for the Orb.
     0 | D:1      | Reached XP level 1. HP: 19/19 MP: 0/0
   518 | D:1      | Reached XP level 2. HP: 17/27 MP: 1/1
  1166 | D:1      | Reached skill level 4 in Axes
  1205 | D:1      | Found a faded altar of an unknown god.
  1269 | D:1      | Reached XP level 3. HP: 33/33 MP: 2/2
  1951 | D:2      | Identified the +6 dagger "Icuskaj" {freeze, Str+4}
  2612 | D:3      | Reached XP level 4. HP: 38/40 MP: 3/3
  2847 | D:3      | Noticed Natasha
  2852 | D:3      | Killed Natasha
  2853 | D:3      | Reached skill level 5 in Axes
  2910 | D:3      | Noticed Sigmund
  2933 | D:3      | Killed Sigmund
  2934 | D:3      | Reached XP level 5. HP: 19/47 MP: 1/4
  2934 | D:3      | Reached XP level 6. HP: 22/53 MP: 1/5
  3427 | D:3      | Noticed Natasha
  3433 | D:3      | Killed Natasha
  3708 | D:3      | Noticed Natasha
  3713 | D:3      | Killed Natasha
  4088 | D:4      | Noticed Ijyb
  4101 | D:4      | Killed from afar by Ijyb

Illustrated notes

Levels and vault maps discovered:
D:1:      lemuel_arrival_river_bridge, layout_loops_ring, basic_ecumenical_altar
D:2:      layout_loops_corners
D:3:      layout_basic, uniq_natasha, uniq_sigmund
D:4:      layout_cave_pools, amcnicky_altar_gilded,
          minmay_fractal_squares_diagonal_5, uniq_ijyb

Skill      XL: |  1  2  3  4 |
---------------+-------------+-----
Fighting       | 4 |  4.7
Axes           | 4 5 |  5.9
Dodging        | 4 |  4.5
Stealth        | 2 |  2.4
Short Blades   | 2 |  2.6
Armour         | 2 |  2.8

Action                   |  1- 3 |  4- 6 || total
-------------------------+-------+-------++-------
Melee: Hand axe          |    64 |       ||    64
       Headbutt          |    12 |    15 ||    27
       Punch             |     1 |       ||     1
       Dagger            |    13 |    57 ||    70
 Stab: Sleeping          |     2 |     2 ||     4
Armor: Ring mail         |    15 |     9 ||    24
       Robe              |     1 |       ||     1
Dodge: Dodged            |    43 |    22 ||    65
